 Dungeon Crawl Stone Soup version 0.29-a0-270-g1586fc07ea (webtiles) character file.

Game seed: 12872395870370138439

214 dolemite99 the Slasher (level 5, -4/45 HPs)
             Began as a Minotaur Fighter on Mar 8, 2022.
             Slain by an orc warrior
             ... wielding a +0 dire flail
              (17 damage)
             ... on level 4 of the Dungeon.
             The game lasted 00:02:53 (2924 turns).

dolemite99 the Slasher (Minotaur Fighter)           Turns: 2924, Time: 00:02:53

Health: -4/45      AC: 10    Str: 23    XL:     5   Next: 60%
Magic:  4/4        EV:  7    Int:  5    God:
Gold:   49         SH:  4    Dex:  9    Spells: 4/4 levels left

rFire   . . .      SeeInvis .   a - +0 long sword
rCold   . . .      Faith    .   c - +0 buckler
rNeg    . . .      Spirit   .   u - +0 chain mail
rPois   .          Reflect  .   (helmet restricted)
rElec   .          Harm     .   (no cloak)
rCorr   .          Rampage  .   (no gloves)
Will    .....                   f - +0 pair of boots
Stlth   ..........              (no amulet)
HPRegen 0.15/turn               (no ring)
MPRegen 0.09/turn               (no ring)

@: no status effects
A: horns 2, retaliatory headbutt
a: no special abilities


You were on level 4 of the Dungeon.
You visited 1 branch of the dungeon, and saw 4 of its levels.

You collected 161 gold pieces.
You spent 112 gold pieces at shops.

Inventory:

Hand Weapons
 a - a +0 long sword (weapon)
Missiles
 g - 5 atropa-tipped darts
 i - a javelin (quivered)
 j - 3 throwing nets
 k - 96 stones
 m - 2 poisoned darts
Armour
 b - a +0 scale mail
 c - a +0 buckler (worn)
 f - a +0 pair of boots (worn)
 u - a +0 chain mail (worn)
Scrolls
 e - 4 scrolls of identify {unknown}
 h - 3 scrolls of teleportation {unknown}
 l - a scroll of holy word {unknown}
 n - a scroll of vulnerability {unknown}
 o - a scroll of enchant weapon {unknown}
 p - a scroll of magic mapping {unknown}
Potions
 d - 2 potions of might
 q - a potion of curing
 r - a potion of heal wounds
 s - a potion of mutation {unknown}
 t - a potion of flight {unknown}


   Skills:
 - Level 3.6 Fighting
 + Level 7.2 Long Blades
 - Level 3.6 Armour
 - Level 3.6 Shields


You had 4 spell levels left.
You didn't know any spells.
Your spell library was empty.

Dungeon Overview and Level Annotations

Branches:
Dungeon (4/15)
 Temple: D:4-7

Altars:

Shops:
D:3 !


Innate Abilities, Weirdness & Mutations

You have a pair of horns on your head.
You reflexively headbutt those who attack you in melee.


Message History

You hit the orc.
The orc is heavily wounded.
The orc hits you but does no damage.
You closely miss the orc. You headbutt the orc, but do no damage.
The orc is heavily wounded.
You completely miss the orc warrior.
You headbutt the orc warrior, but do no damage.
You block the orc's attack.
You hit the orc warrior but do no damage.
You headbutt the orc warrior, but do no damage.
An orc comes into view. It is wielding a +0 club.
The orc warrior hits you with a +0 dire flail!
The orc barely misses you.
You hit the orc warrior.
The orc warrior is lightly wounded.
The orc warrior hits you with a +0 dire flail!
The orc hits you from afar with a +0 trident.
You closely miss the orc warrior. Your headbutt misses the orc warrior.
The orc warrior is lightly wounded.
The orc hits you with a +3 flail.
The orc warrior hits you with a +0 dire flail.
The orc barely misses you.
You are too injured to fight recklessly!
You see here a javelin.
The orc attacks as you move away! The orc hits you with a +3 flail.
The orc warrior attacks as you move away!
The orc warrior hits you with a +0 dire flail.
* * * LOW HITPOINT WARNING * * *
Things that are here:
a +0 dagger; a scroll labelled XALUIH IRISTRON; 17 gold pieces The orc attacks as you move away!
The orc barely misses you. You furiously retaliate!
You headbutt the orc.
Okay, then.
The orc attacks as you move away! The orc barely misses you.
The orc warrior attacks as you move away!
The orc warrior closely misses you. The orc attacks as you move away!
You block the orc's attack.
The orc warrior attacks as you move away!
The orc warrior hits you with a +0 dire flail!
You die...

#### ##########
#..####........#
#..##......#@..#
#..##.....##oo.#
#####..#......##o..+
............####.o.#
#......###### #)..#
†.###### #(..# ..#
#...# ..... #(..#
.##.## '...#


You could see an orc warrior and 3 orcs.

Vanquished Creatures
  A necrophage (D:3)
  An iguana (D:2)
  Robin (D:3)
  4 adders
  A worm (D:2)
  A dart slug (D:3)
  4 orcs (D:3)
  7 ball pythons
  6 bats
  3 endoplasms
  4 giant cockroaches
  7 hobgoblins
  7 jackals
  4 kobolds
  2 quokkas
  3 frilled lizards (D:2)
  11 goblins
  7 rats
74 creatures vanquished.

Notes
Turn   | Place    | Note
-------+----------+-------------------------------------------
     0 | D:1      | dolemite99 the Minotaur Fighter began the quest for the
                  | Orb.
     0 | D:1      | Reached XP level 1. HP: 19/19 MP: 0/0
   101 | D:1      | Reached skill level 3 in Long Blades
   196 | D:1      | Reached XP level 2. HP: 26/26 MP: 1/1
   554 | D:2      | Reached skill level 4 in Long Blades
   554 | D:2      | Reached XP level 3. HP: 27/31 MP: 2/2
   763 | D:2      | Reached skill level 5 in Long Blades
  1025 | D:2      | Reached XP level 4. HP: 39/39 MP: 3/3
  1792 | D:3      | Noticed a necrophage
  1809 | D:3      | Killed a necrophage
  1810 | D:3      | Reached skill level 6 in Long Blades
  1810 | D:3      | Reached XP level 5. HP: 34/45 MP: 4/4
  1922 | D:3      | Found Jyofuuxt's Distillery.
  1935 | D:3      | Bought a potion of curing for 42 gold pieces
  1935 | D:3      | Bought a potion of heal wounds for 70 gold pieces
  2170 | D:3      | Noticed Robin
  2218 | D:3      | Killed Robin
  2672 | D:3      | Reached skill level 7 in Long Blades
  2910 | D:4      | Noticed an orc warrior
  2924 | D:4      | Slain by an orc warrior

Illustrated notes

Levels and vault maps discovered:
D:1:      dpeg_arrival_pond, layout_rooms, minmay_heptomino_h4
D:2:      mumra_celtic_spiral_tile, layout_loops_ring
D:3:      layout_loops_corners, serial_shops, shop, serial_bayou_pond_d,
          uniq_robin
D:4:      minmay_opposing_rooms, layout_basic, grunt_ministairs_4,
          minmay_circle_x, uniq_crazy_yiuf_cottage

Skill      XL: |  1  2  3  4  5 |
---------------+----------------+-----
Long Blades    | 3 4 5 6 7 |  7.2
Fighting       | |  3.6
Armour         | |  3.6
Shields        | |  3.6

Action                   |  1- 3 |  4- 6 || total
-------------------------+-------+-------++-------
Melee: Long sword        |    51 |   108 ||   159
       Headbutt          |     5 |    16 ||    21
Throw: Dart              |     9 |    29 ||    38
       Javelin           |    20 |    22 ||    42
 Stab: Confused          |       |     1 ||     1
Armor: Scale mail        |    22 |    56 ||    78
       Chain mail        |       |     5 ||     5
Dodge: Dodged            |    21 |    52 ||    73
Block: Buckler           |    15 |    19 ||    34

Table legend: (Time is in decaauts)
 A = Elapsed time spent in this place.
 B = Non-inter-level travel time spent in this place.
 C = Inter-level travel time spent in this place.
 D = Time resting spent in this place.
 E = Time spent auto-exploring this place.
 F = Levels seen in this place.
 G = Mean time per level.
                   A        B        C        D        E       F      G
               +--------+--------+--------+--------+--------+-----+--------+
         Total |   2973 |   2897 |     76 |    220 |   1950 |   4 |  743.2 |
       Dungeon |   2973 |   2897 |     76 |    220 |   1950 |   4 |  743.2 |
               +--------+--------+--------+--------+--------+-----+--------+

Top non-repeatable levels by time:
     D:3: 1355 daAuts
     D:2: 1009 daAuts
     D:1: 552 daAuts
     D:4: 56 daAuts
